 Dungeon Crawl Stone Soup version 0.28.0-56-g4927b6849a (webtiles) character file.

Game seed: 9132039697415367765

660 Atelerd the Sneak (level 7, -8/45 HPs)
             Began as an Octopode Earth Elementalist on Jan 23, 2023.
             Mangled by Prince Ribbit (13 damage)
             ... on level 5 of the Dungeon.
             The game lasted 00:05:51 (3830 turns).

Atelerd the Sneak (Octopode Earth Elementalist)     Turns: 3830, Time: 00:05:52

Health: -8/45      AC:  1    Str:  7    XL:     7   Next: 56%
Magic:  0/12       EV: 13    Int: 20    God:
Gold:   253        SH:  0    Dex: 12    Spells: 6/13 levels left

rFire   . . .      SeeInvis .   D - +2 rapier (speed)
rCold   . . .      Faith    .   (no shield)
rNeg    . . .      Spirit   .   (helmet restricted)
rPois   .          Reflect  .   l - amulet of regeneration
rElec   .          Harm     .   (no ring)
rCorr   .          Rampage  .   (no ring)
Will    .....                   (no ring)
Stlth   ++++......              (no ring)
HPRegen 0.95/turn               (no ring)
MPRegen 0.13/turn               (no ring)
                                (no ring)
                                (no ring)

@: no status effects
A: almost no armour, amphibious, 8 rings, camouflage 1, gelatinous body 1,
(nimble swimmer 1), tentacles
a: no special abilities


You were on level 5 of the Dungeon.
You visited 1 branch of the dungeon, and saw 5 of its levels.
You also visited: Sewer.

You collected 253 gold pieces.

Inventory:

Hand Weapons
 D - a +2 rapier of speed (weapon)
Missiles
 b - 132 stones
 y - a throwing net
Jewellery
 l - an amulet of regeneration (around mantle)
 u - a ring of flight
Wands
 C - a wand of digging (5)
Scrolls
 e - a scroll of noise
 f - a scroll of holy word {unknown}
 g - 3 scrolls of teleportation
 h - 2 scrolls of enchant armour
 i - 5 scrolls of enchant weapon
 n - a scroll of immolation
 p - 3 scrolls of blinking {unknown}
 q - a scroll of fear {unknown}
 r - a scroll of silence {unknown}
 s - a scroll of fog {unknown}
 t - a scroll of vulnerability {unknown}
 w - a scroll of acquirement {unknown}
 B - 3 scrolls of identify
Potions
 c - 3 potions of mutation {unknown}
 d - a potion of invisibility {unknown}
 k - 2 potions of cancellation {unknown}
 m - 2 potions of lignification {unknown}
 o - 6 potions of flight
 v - 2 potions of curing
 z - a potion of degeneration {unknown}
 A - 2 potions of heal wounds


   Skills:
 - Level 2.0 Fighting
 - Level 2.0 Short Blades
 - Level 2.0 Dodging
 + Level 5.6 Stealth
 + Level 3.9 Spellcasting
 * Level 3.1 Transmutations
 - Level 5.0 Earth Magic


You had 6 spell levels left.
You knew the following spells:

 Your Spells              Type           Power      Damage    Failure   Level
a - Sandblast             Erth           46%        2d11      1%          1
p - Petrify               Tmut/Erth      20%        N/A       24%         4
w - Passwall              Tmut/Erth      16%        N/A       3%          2

Your spell library contained the following spells:

 Spells                   Type           Power      Damage    Failure   Level
 Stone Arrow              Conj/Erth      26%        3d8       14%         3


Dungeon Overview and Level Annotations

Branches:
Dungeon (5/15)              Sewer (visited)
 Temple: D:4-7

Altars:
Qazlal
Ru
Wu Jian
Xom
Zin
The Shining One

Shops:
D:3 (

Annotations:
D:5 Prince Ribbit


Innate Abilities, Weirdness & Mutations

You cannot wear most types of armour.
You are amphibious.
You can wear up to eight rings at the same time.
Your skin changes colour to match your surroundings (Stealth+).
Your rubbery body absorbs attacks. (AC +1, EV +1)
((You are camouflaged when in or above water. (Stealth+)))
You have tentacles for arms and can constrict up to eight enemies at once.


Message History

Prince Ribbit hits you! Prince Ribbit hits you.
Prince Ribbit barely misses you.
Okay, then.
Okay, then.
Prince Ribbit closely misses you.
You hit Prince Ribbit. Your grab misses Prince Ribbit.
Prince Ribbit is moderately wounded.
Prince Ribbit closely misses you.
You closely miss Prince Ribbit. Your grab misses Prince Ribbit.
Prince Ribbit is moderately wounded.
Prince Ribbit hits you.
You hit Prince Ribbit. Your grab misses Prince Ribbit.
Prince Ribbit is moderately wounded.
Prince Ribbit barely misses you.
You closely miss Prince Ribbit. Your grab misses Prince Ribbit.
Your squeeze misses Prince Ribbit.
Prince Ribbit is moderately wounded.
Prince Ribbit completely misses you.
The blast of sand hits Prince Ribbit!
Prince Ribbit is severely wounded.
Prince Ribbit catches a mosquito with his tongue.
Prince Ribbit hits you. Prince Ribbit hits you!
You are too injured to fight recklessly!
Prince Ribbit blinks!
You are too injured to fight recklessly!
Casting: Sandblast (safe; 1% risk of failure)
Confirm with . or Enter, or press ? or * to list all spells.
Aiming: Sandblast (safe; 1% risk of failure)
Press: ? - help, Shift-Dir - straight line, f/p - Prince Ribbit
Aim: Prince Ribbit (severely wounded, 66% to hit)
The blast of sand hits Prince Ribbit!
Prince Ribbit is almost dead.
Prince Ribbit closely misses you.
Unknown command.
Unknown command.
Prince Ribbit hits you!!
* * * LOW HITPOINT WARNING * * *
Prince Ribbit hits you!
You die...

+........# #........+
#### #..###..##
.#.######..###..###
.#................#
.#................#
.#................#
.#.............F..#
.#..#####..##+##@##
##..##.##..# #.#
#.............+.....#
'.............#.....#
#.............#.....#
##...######...####..#
#### ###'###
##...####..##.....
#.....#
+..............._.
+.....#
#.............####


You could see Prince Ribbit.

Vanquished Creatures
  Eustachio (D:5)
  A phantom (D:3)
  2 kobold brigands (Sewer)
  A scorpion (D:4)
  A bullfrog zombie (D:5)
  A hound (D:4)
  7 gnolls
  3 adders (D:4)
  2 worms
  3 dart slugs
  4 orcs
  4 ball pythons
  2 bats
  6 endoplasms
  4 giant cockroaches
  7 goblins
  6 hobgoblins
  2 jackals
  8 quokkas
  2 frilled lizards
  11 kobolds
  6 rats
84 creatures vanquished.

Vanquished Creatures (others)
  An angel (D:5)
1 creature vanquished.

Grand Total: 85 creatures vanquished

Notes
Turn   | Place    | Note
-------+----------+-------------------------------------------
     0 | D:1      | Atelerd the Octopode Earth Elementalist began the quest for
                  | the Orb.
     0 | D:1      | Reached XP level 1. HP: 11/11 MP: 3/3
    84 | D:1      | Found a faded altar of an unknown god.
    91 | D:1      | Reached XP level 2. HP: 13/17 MP: 0/5
   370 | D:1      | You fall into a shaft and drop 1 floor!
   719 | D:2      | Reached XP level 3. HP: 21/21 MP: 3/6
  1384 | D:2      | Reached XP level 4. HP: 19/27 MP: 1/7
  1619 | D:3      | Found an ornate altar of the Wu Jian Council.
  1662 | D:3      | Found Wismemp's Weapon Shoppe.
  1816 | D:3      | Found a glowing golden altar of the Shining One.
  1943 | D:3      | Found a stormy altar of Qazlal.
  2099 | D:3      | Noticed a phantom
  2107 | D:3      | Reached XP level 5. HP: 31/31 MP: 7/9
  2110 | D:3      | Killed a phantom
  2111 | D:3      | Reached skill level 1 in Short Blades
  2428 | D:4      | Reached XP level 6. HP: 37/37 MP: 9/11
  2433 | D:4      | Learned a level 4 spell: Petrify
  2570 | D:4      | Found a sacrificial altar of Ru.
  2803 | D:4      | Reached skill level 5 in Stealth
  2823 | D:4      | Found a glowing drain.
  2827 | Sewer    | Entered a sewer
  2889 | Sewer    | Reached skill level 1 in Fighting
  2899 | Sewer    | Reached skill level 5 in Earth Magic
  2899 | Sewer    | Reached XP level 7. HP: 35/43 MP: 2/12
  2989 | Sewer    | Found a white marble altar of Elyvilon.
  3044 | Sewer    | Learned a level 2 spell: Passwall
  3268 | D:5      | Entered Level 5 of the Dungeon
  3366 | D:5      | Killed an angel
  3548 | D:5      | Found a shimmering altar of Xom.
  3548 | D:5      | Found a glowing silver altar of Zin.
  3567 | D:5      | Noticed Eustachio
  3572 | D:5      | Killed Eustachio
  3808 | D:5      | Noticed Prince Ribbit
  3830 | D:5      | Mangled by Prince Ribbit

Illustrated notes

Levels and vault maps discovered:
D:1:      scummos_arrival_checkerplants, layout_rooms,
          hellmonk_ecumenical_altar_arch_garden, hangedman_abyss_or_decor_stabs
D:2:      layout_rooms, kennysheep_generic_room_13
D:3:      layout_rooms, lemuel_tele_altar, nicolae_tso_carved_into_rock,
          nicolae_qazlal_scattered_showers, serial_shops, shop,
          palyth_stone_intersect, eino_tiny_chamber, minmay_joined_circles
D:4:      layout_cave_pools, nicolae_ru_the_path_less_chosen,
          gup_sewer_entry_spiral
D:5:      layout_gridville, grunt_temple_overflow_order_and_chaos_1,
          uniq_eustachio, uniq_blork_the_orc, uniq_prince_ribbit1

Skill      XL: |  1  2  3  4  5  6  7 |
---------------+----------------------+-----
Stealth        | 3 4 5 |  5.6
Earth Magic    | 4 5 |  5.0
Short Blades   | 1 2 |  2.0
Spellcasting   | 3 |  3.9
Fighting       | 1 2 |  2.0
Transmutations | 2 3 |  3.1
Dodging        | |  2.0

Action                   |  1- 3 |  4- 6 |  7- 9 || total
-------------------------+-------+-------+-------++-------
Melee: Dagger            |    15 |    66 |    18 ||    99
       Constrict         |     2 |    17 |     1 ||    20
       Tentacles         |     3 |     9 |     4 ||    16
       Punch             |       |     1 |     1 ||     2
       Rapier            |       |       |     5 ||     5
 Cast: Sandblast         |    30 |    25 |     5 ||    60
       Petrify           |       |     2 |     3 ||     5
  Use: Scroll            |       |     4 |     1 ||     5
 Stab: Distracted        |     1 |       |       ||     1
       Sleeping          |     2 |    18 |     1 ||    21
       Petrified         |       |     6 |       ||     6
Armor: Skin              |     1 |     5 |     1 ||     7
Dodge: Dodged            |    19 |    31 |    13 ||    63
